 Dungeon Sprint DCSS version 0.31-a0-1511-g961fd35ebc (webtiles) character file.

Game seed: 13434802874414832162

7028 Groucho the Thaumaturge (level 11, -4/85 HPs)
             Began as a Djinni Fire Elementalist on Dec 30, 2023.
             Was the Champion of Dithmenos.
             Slain by a phantasmal warrior (25 damage)
             ... while paralysed by a vampire knight
             ... in the Dungeon (Sprint VII: "The Pits").
             The game lasted 00:12:20 (5533 turns).

Groucho the Thaumaturge (Djinni Fire Elementalist)  Turns: 5533, Time: 00:12:20

Health: -4/85      AC: 13    Str:  7    XL:     11   Next: 29%
Gold:   0          EV:  2    Int: 20    God:    Dithmenos [******] SH:  0 Dex: 15

rFire   + + .        k - +1 dagger (elec)
rCold   x . .        (no shield)
rNeg    . . .        q - +5 ring mail
rPois   ∞            (no helmet)
rElec   .            s - +0 cloak
rCorr   .            (no gloves)
SInv    .            (boots unavailable)
Will    +....        (no amulet)
Stlth   ++++++       m - +3 ring of evasion
HPRegen 0.34/turn    n - +3 ring of evasion
MPRegen 0.00/turn

%: no teleportation, infuse magic (-5 HP)
@: paralysed, flying, wreathed by umbra
A: sickness immunity, fire resistance 2, cold vulnerability 1, float, innate
caster, HP casting, extra vitality 1
a: Renounce Religion, Shadow Step, Shadow Form


You were in the Dungeon.
You worshipped Dithmenos.
Dithmenos was exalted by your worship.
You visited 1 branch

Inventory:

Hand Weapons
 g - a +2 dagger
 k - a +1 dagger of electrocution (weapon)
 l - a +2 short sword of protection
Armour
 q - a +5 ring mail (worn)
 s - a +0 cloak (worn)
Jewellery
 m - a +3 ring of evasion (left hand)
 n - a +3 ring of evasion (right hand)
Scrolls
 f - a scroll of blinking
 i - 2 scrolls of vulnerability
 j - a scroll of butterflies
Potions
 b - 9 potions of curing
 c - 4 potions of heal wounds
 d - a potion of haste
 e - 4 potions of berserk rage
 h - 2 potions of invisibility
 o - 2 potions of brilliance
 p - a potion of might


   Skills:
 + Level 9.7 Fighting
 - Level 7.0 Short Blades
 + Level 9.7 Armour
 + Level 10.9 Dodging
 + Level 9.1 Stealth
 * Level 13.3 Spellcasting
 * Level 13.3 Conjurations
 * Level 13.3 Hexes
   Level 0.0 Charms
 * Level 13.3 Summonings
 * Level 13.3 Necromancy
 * Level 13.3 Translocations
   Level 0.0 Transmutations
 * Level 13.3 Fire Magic
 * Level 13.3 Ice Magic
 * Level 13.3 Air Magic
 * Level 13.3 Earth Magic
 * Level 13.3 Alchemy


You knew the following spells:

 Your Spells              Type           Power      Damage    Failure   Level
a - Foxfire               Conj/Fire      100%       2x1d9     1%          1
b - Scorch                Fire           100%       2d9       1%          2
c - Volatile Blastmotes   Fire/Tloc      100%       2d18      1%          3
d - Inner Flame           Hex/Fire       61%        N/A       1%          3
e - Flame Wave            Conj/Fire      61%        2d14      1%          4
f - Sandblast             Erth           100%       2d20      1%          1
g - Mercury Vapours       Alch/Air       100%       N/A       1%          2
h - Ensorcelled Hibernat  Hex/Ice        100%       N/A       1%          2
i - Airstrike             Air            30%        2d(5-21)  1%          4
j - Irradiate             Conj/Alch      30%        3d21      1%          5
Your spell library was empty.

Dungeon Overview and Level Annotations

Branches:
Dungeon (1/1)

Altars:
Ashenzari
Cheibriados
Dithmenos
Elyvilon
Fedhas
Gozag
Hepliaklqana
Makhleb
Nemelex Xobeh
Okawaru
Qazlal
Ru
Trog
Uskayaw
Wu Jian
Xom
Yredelemnul
Zin
The Shining One
Jiyva
Lugonu


Innate Abilities, Weirdness & Mutations

You are immune to sickness and miasma.
You are immune to poison.
Your flesh is very heat resistant. (rF++)
You are vulnerable to cold. (rC-)
You float through the air rather than walking.
You learn spells naturally, not from books.
Your magical power is your life essence.
You have superior vitality. (+4 MHP)


Message History

Unknown command.
Unknown command.
Casting: Flame Wave (mildly dangerous; 1% risk of failure)
Confirm with . or Enter, or press ? or * to list all spells.
Flames lash the vampire knight but do no damage.
The vampire knight hits you with a +0 great sword.
The vampire knight bites you! The phantasmal warrior hits you!!
You emit a cloud of dark smoke.
The vampire knight hits you with a +0 great sword!!
* * * LOW HITPOINT WARNING * * *
You emit a cloud of dark smoke.
The vampire knight misses you.
Unknown command.
You feel much better.
The vampire knight is no longer more vulnerable to fire.
The vampire knight hits you with a +0 great sword!
The vampire knight bites you.
* * * LOW HITPOINT WARNING * * *
The phantasmal warrior closely misses you.
Unknown command.
Unknown command.
You feel much better.
The vampire knight hits you with a +0 great sword!!
You emit a cloud of dark smoke.
The vampire knight bites you!
* * * LOW HITPOINT WARNING * * *
You emit a cloud of dark smoke.
The phantasmal warrior hits you but does no damage.
The vampire knight misses you. The vampire knight closely misses you.
Unknown command.
You feel much better.
The vampire knight casts a spell at you.
You suddenly lose the ability to move!
The phantasmal warrior hits you but does no damage.
The vampire knight hits you with a +0 great sword.
The vampire knight bites you but does no damage.
The vampire knight hits you with a +0 great sword!!
* * * LOW HITPOINT WARNING * * *
You emit a cloud of dark smoke.
The vampire knight bites you but does no damage.
The phantasmal warrior hits you!!
You die...

##......#
##.......##
###....## ####...###
# ##''## ###..'...+
###....###....##'##
##......#....##)..##
##......'.)..+.....+
##......#....##...##
###....###....##§##
# ##''## ###..+§@§+
###....## ####§VW#
##......# .§§.§§†
##......#
#....§§...#
#########
###########


You could see a vampire knight (fast) and a phantasmal warrior.

Vanquished Creatures
  A two-headed ogre (D)
  A shadow wraith (D)
  2 sea snakes (D)
  A deep elf pyromancer (D)
  An orange demon (D)
  A rime drake (D)
  A red devil (D)
  4 blink frogs (D)
  2 tarantellas (D)
  2 glass eyes (D)
  A ynoxinul (D)
  A spriggan (D)
  6 yaks (D)
  A warg (D)
  A redback (D)
  A water moccasin (D)
  A wolf (D)
  A weeping skull (D)
  A necrophage (D)
  5 wights (D)
  2 hounds (D)
  An iron imp (D)
  A gnoll bouda (D)
  2 hell rats (D)
  5 gnolls (D)
  An adder (D)
  An adder zombie (D)
  A bat skeleton (D)
  An endoplasm (D)
  A giant cockroach (D)
  A hobgoblin (D)
  10 jackals (D)
  A ball python skeleton (D)
  A frilled lizard (D)
  A rat (D)
65 creatures vanquished.

Vanquished Creatures (others)
  65 foxfires (D)
65 creatures vanquished.

Grand Total: 130 creatures vanquished

Notes
Turn   | Place    | Note
-------+----------+-------------------------------------------
     0 | D        | Groucho the Djinni Fire Elementalist began the quest for
                  | the Orb.
     0 | D        | Groucho set off with the following spells memorised:
                  | Foxfire, Scorch, Volatile Blastmotes, Inner Flame, Flame
                  | Wave.
     0 | D        | Reached XP level 1. HP: 15/15 MP: 0/0
   382 | D        | Found a bloodstained altar of Trog.
   382 | D        | Found a viscous altar of Jiyva.
   382 | D        | Found a hazy altar of Hepliaklqana.
   382 | D        | Found an opulent altar of Gozag.
   383 | D        | Found a glowing golden altar of the Shining One.
   383 | D        | Found a glowing silver altar of Zin.
   383 | D        | Found a basalt altar of Yredelemnul.
   383 | D        | Found a shimmering altar of Xom.
   383 | D        | Found an ornate altar of the Wu Jian Council.
   383 | D        | Found a sacrificial altar of Ru.
   383 | D        | Found a stormy altar of Qazlal.
   383 | D        | Found an iron altar of Okawaru.
   383 | D        | Found a sparkling altar of Nemelex Xobeh.
   383 | D        | Found a burning altar of Makhleb.
   383 | D        | Found a blossoming altar of Fedhas.
   383 | D        | Found a white marble altar of Elyvilon.
   383 | D        | Found a shadowy altar of Dithmenos.
   383 | D        | Found a snail-covered altar of Cheibriados.
   385 | D        | Found a corrupted altar of Lugonu.
   386 | D        | Found a hide-covered altar of Uskayaw.
   386 | D        | Found a broken altar of Ashenzari.
   391 | D        | Became a worshipper of Dithmenos the Shadowed
   409 | D        | Reached * piety under Dithmenos
   410 | D        | Reached XP level 2. HP: 14/21 MP: 0/0
   892 | D        | Reached ** piety under Dithmenos
   895 | D        | Noticed a glass eye
   908 | D        | Noticed a necrophage
   914 | D        | Killed a glass eye
   914 | D        | Reached *** piety under Dithmenos
   915 | D        | Reached XP level 3. HP: 7/25 MP: 0/0
   915 | D        | Learned a level 1 spell: Sandblast
   915 | D        | Reached XP level 4. HP: 9/31 MP: 0/0
   915 | D        | Reached XP level 5. HP: 10/35 MP: 0/0
   915 | D        | Learned a level 2 spell: Mercury Vapours
   915 | D        | Reached XP level 6. HP: 11/40 MP: 0/0
   924 | D        | Reached **** piety under Dithmenos
   925 | D        | Reached skill level 10 in Spellcasting
   925 | D        | Reached skill level 10 in Conjurations
   925 | D        | Reached skill level 10 in Hexes
   925 | D        | Reached skill level 10 in Summonings
   925 | D        | Reached skill level 10 in Necromancy
   925 | D        | Reached skill level 10 in Translocations
   925 | D        | Reached skill level 10 in Fire Magic
   925 | D        | Reached skill level 10 in Ice Magic
   925 | D        | Reached skill level 10 in Air Magic
   925 | D        | Reached skill level 10 in Earth Magic
   925 | D        | Reached skill level 10 in Alchemy
  1373 | D        | Reached skill level 1 in Fighting
  1373 | D        | Reached skill level 1 in Short Blades
  1373 | D        | Reached skill level 1 in Armour
  1376 | D        | Reached XP level 7. HP: 36/49 MP: 0/0
  1376 | D        | Learned a level 2 spell: Ensorcelled Hibernation
  1625 | D        | Reached ***** piety under Dithmenos
  1626 | D        | Noticed a water moccasin
  1631 | D        | Killed a water moccasin
  1634 | D        | Reached skill level 5 in Dodging
  1683 | D        | Reached XP level 8. HP: 54/58 MP: 0/0
  2036 | D        | Noticed a tarantella
  2039 | D        | Killed a tarantella
  2039 | D        | Reached ****** piety under Dithmenos
  2040 | D        | Reached skill level 5 in Fighting
  2040 | D        | Reached skill level 5 in Armour
  2040 | D        | Reached skill level 5 in Stealth
  2261 | D        | Noticed a glass eye
  2264 | D        | Killed a glass eye
  2269 | D        | Reached skill level 5 in Short Blades
  2608 | D        | Noticed a two-headed ogre
  2609 | D        | Noticed a spriggan
  2612 | D        | Killed a two-headed ogre
  2613 | D        | Reached XP level 9. HP: 43/67 MP: 0/0
  2613 | D        | Learned a level 4 spell: Airstrike
  3025 | D        | Noticed a rime drake
  3026 | D        | Noticed a sea snake
  3033 | D        | Killed a sea snake
  3035 | D        | Killed a rime drake
  3036 | D        | Reached XP level 10. HP: 37/75 MP: 0/0
  3516 | D        | Noticed a sea snake
  3523 | D        | Killed a sea snake
  3531 | D        | Killed a shadow wraith
  3908 | D        | Noticed an orange demon
  3918 | D        | Killed an orange demon
  4621 | D        | Reached skill level 10 in Dodging
  4629 | D        | Reached XP level 11. HP: 34/84 MP: 0/0
  4629 | D        | Learned a level 5 spell: Irradiate
  4985 | D        | Noticed a deep elf pyromancer
  4996 | D        | Killed a deep elf pyromancer
  5523 | D        | Noticed a phantasmal warrior
  5523 | D        | Noticed a vampire knight
  5532 | D        | Paralysed by a vampire knight for 2 turns
  5533 | D        | Slain by a phantasmal warrior

Illustrated notes

Levels and vault maps discovered:
D:        pitsprint [storerooms_1, entrance_room_1, metal_vault_2, armoury_1,
          mini_pit_1, grid_room_1, main_hall_1, silver_pit, the_coven_3,
          the_vestibule_1, steel_vault_4, golden_pit, hallway_of_sentries,
          crystal_vault_2, iron_vault_3, final_vault]

Skill      XL: |  1  2  3  4  5  6  7  8  9 10 11 |
---------------+----------------------------------+-----
Spellcasting   | 4 9 10 11 12 13 | 13.3
Conjurations   | 4 9 10 11 12 13 | 13.3
Hexes          | 4 9 10 11 12 13 | 13.3
Summonings     | 4 9 10 11 12 13 | 13.3
Necromancy     | 4 9 10 11 12 13 | 13.3
Translocations | 4 9 10 11 12 13 | 13.3
Fire Magic     | 4 9 10 11 12 13 | 13.3
Ice Magic      | 4 9 10 11 12 13 | 13.3
Air Magic      | 4 9 10 11 12 13 | 13.3
Earth Magic    | 4 9 10 11 12 13 | 13.3
Alchemy        | 4 9 10 11 12 13 | 13.3
Fighting       | 2 4 6 7 9 |  9.7
Short Blades   | 2 4 6 7 |  7.0
Armour         | 2 4 6 7 9 |  9.7
Stealth        | 2 4 6 7 8 9 |  9.1
Dodging        | 3 5 7 8 10 | 10.9

Action                     |  1- 3 |  4- 6 |  7- 9 | 10-12 || total
---------------------------+-------+-------+-------+-------++-------
   Cast: Foxfire           |    32 |     4 |     3 |       ||    39
         Sandblast         |       |     5 |    22 |     5 ||    32
         Volatile Blastmot |       |     1 |     1 |       ||     2
         Flame Wave        |       |       |     6 |    12 ||    18
         Scorch            |       |       |     9 |    13 ||    22
    Use: Potion            |       |       |     1 |     5 ||     6
 Armour: Robe              |     5 |     1 |     8 |       ||    14
         Ring mail         |       |       |     1 |    44 ||    45
  Dodge: Dodged            |     6 |     4 |    15 |    47 ||    72

Table legend: (Time is in decaauts)
 A = Elapsed time spent in this place.
 B = Non-inter-level travel time spent in this place.
 C = Inter-level travel time spent in this place.
 D = Time resting spent in this place.
 E = Time spent auto-exploring this place.
 F = Levels seen in this place.
 G = Mean time per level.
                   A        B        C        D        E       F      G
               +--------+--------+--------+--------+--------+-----+--------+
         Total |   5558 |   5530 |     28 |   4951 |      0 |   1 | 5558.0 |
       Dungeon |   5558 |   5530 |     28 |   4951 |      0 |   1 | 5558.0 |
               +--------+--------+--------+--------+--------+-----+--------+

Top non-repeatable levels by time:
       D: 5558 daAuts
